 Dungeon Crawl Stone Soup version 0.30-a0-528-g8c47a4955b (webtiles) character file.

Game seed: 16895204310768823966

224 Darkkill the Shooter (level 5, -5/46 HPs)
             Began as a Minotaur Hunter on Dec 23, 2022.
             Slain by Grinder (6 damage)
             ... on level 3 of the Dungeon.
             The game lasted 00:01:54 (1585 turns).

Darkkill the Shooter (Minotaur Hunter)              Turns: 1585, Time: 00:01:55

Health: -5/46      AC:  4    Str: 16    XL:     5   Next: 67%
Magic:  4/4        EV: 13    Int:  6    God:
Gold:   118        SH:  0    Dex: 15    Spells: 4/4 levels left

rFire   . . .      SeeInvis .    a - +0 shortbow
rCold   . . .      Faith    .    (shield currently unavailable)
rNeg    . . .      Spirit   .    c - +0 leather armour
rPois   .          Reflect  .    (helmet restricted)
rElec   .          Harm     .    (no cloak)
rCorr   .          Rampage  .    g - +0 pair of gloves
Will    .....                    (no boots)
Stlth   ++                       (no amulet)
HPRegen 0.27/turn                (no ring)
MPRegen 0.09/turn                (no ring)

@: no status effects
A: horns 2, retaliatory headbutt
a: no special abilities


You were on level 3 of the Dungeon.
You visited 1 branch of the dungeon, and saw 3 of its levels.
You also visited: Sewer.

You collected 118 gold pieces.

Inventory:

Hand Weapons
 a - a +0 shortbow (weapon)
Missiles
 e - 5 stones
 q - 6 atropa-tipped darts
Armour
 c - a +0 leather armour (worn)
 g - a +0 pair of gloves (worn)
Wands
 o - a wand of charming (8)
Scrolls
 b - a scroll of immolation
 h - a scroll of poison {unknown}
 i - 5 scrolls of vulnerability
 j - a scroll of acquirement {unknown}
 p - a scroll of identify {@r1}
Potions
 d - a potion of lignification {unknown}
 f - a potion of heal wounds
 k - a potion of brilliance {unknown}
 l - 2 potions of invisibility
 m - 2 potions of haste
 n - a potion of resistance {unknown}


   Skills:
 + Level 4.1 Fighting
 + Level 5.4 Ranged Weapons
 + Level 3.7 Dodging
 + Level 2.6 Stealth


You had 4 spell levels left.
You didn't know any spells.
Your spell library contained the following spells:

 Spells                   Type           Power      Damage    Failure   Level
 Apportation              Tloc           0%         N/A       52%         1
 Scorch                   Fire           0%         2d5       67%         2
 Flame Wave               Conj/Fire      0%         2d4       99%         4
 Alistair's Intoxication  Tmut/Pois      0%         N/A       100%        5
 Summon Cactus Giant      Summ           0%         N/A       100%        6


Dungeon Overview and Level Annotations

Branches:
Dungeon (3/15)              Sewer (visited)

Altars:

Shops:
D:1 *

Annotations:
D:3 Grinder


Innate Abilities, Weirdness & Mutations

You have a pair of horns on your head.
You reflexively headbutt those who attack you in melee.


Message History

An endoplasm comes into view.
Found a stone staircase leading down.
You shoot an arrow. The arrow hits the endoplasm!
You kill the endoplasm!
Found a stone staircase leading up.
There is a stone staircase leading down here.
No target in view!
No target in view!
i - 5 scrolls of vulnerability (gained 1)
j - a scroll labelled LISUYRPHE WATU A worm comes into view.
You shoot an arrow. The arrow hits the worm.
The worm is lightly wounded.
A worm is nearby!
A worm is nearby!
You shoot an arrow.
The arrow hits the worm but does no damage.
The worm is lightly wounded.
A worm is nearby!
You shoot an arrow.
The arrow hits the worm but does no damage.
The worm is lightly wounded.
A worm is nearby!
You shoot an arrow.
The arrow hits the worm but does no damage.
A ball python comes into view.
You shoot an arrow. The arrow hits the worm!
The worm is heavily wounded.
The worm bites you.
There are monsters nearby!
There are monsters nearby!
You shoot an arrow. The arrow barely misses the worm.
The worm bites you!
There are monsters nearby!
You shoot an arrow. The arrow hits the worm.
The worm is severely wounded.
There are monsters nearby!
You shoot an arrow. The arrow hits the worm!
You kill the worm!
A ball python is nearby!
You shoot an arrow.
The arrow hits the ball python but does no damage.
The ball python closely misses you. The ball python grabs you.
The ball python constricts you.
The ball python bites you but does no damage.
The ball python constricts you.
A ball python is nearby!
You shoot an arrow. The arrow hits the ball python!
You kill the ball python!
An iguana comes into view.
You shoot an arrow. The iguana hisses angrily.
The arrow hits the iguana but does no damage.
An iguana is nearby!
You shoot an arrow. The arrow hits the iguana.
The iguana is moderately wounded.
An iguana is nearby!
You shoot an arrow. The arrow hits the iguana.
The iguana is heavily wounded.
You shoot an arrow. The arrow hits the iguana!
You kill the iguana!
HP restored.
You now have 118 gold pieces (gained 11).
o - a wand of charming (8)
p - a scroll of identify {@r1} No target in view!
q - 6 atropa-tipped darts No target in view!
No target in view!
Grinder comes into view.
Grinder shouts!
Grinder rolls her eyes.
You shoot an arrow.
The arrow hits Grinder but does no damage.
Grinder completely misses you.
You shoot an arrow. The arrow closely misses Grinder.
Grinder hits you.
You writhe in agony.
Grinder hits you.
You shoot an arrow. The arrow hits Grinder.
Grinder is lightly wounded.
Grinder closely misses you.
You shoot an arrow. The arrow closely misses Grinder.
Grinder gestures at you. Pain shoots through your body!
You shoot an arrow. The arrow hits Grinder!
Grinder is moderately wounded.
Grinder gestures at you.
You suddenly lose the ability to move!
Grinder hits you. Grinder gestures at you. Pain shoots through your body!
You can move again.
Grinder says, "FISH!"
Grinder gestures at you.
You shrug off the repeated paralysis!
You shoot an arrow. The arrow closely misses Grinder.
Grinder hits you!
You writhe in agony.
Grinder hits you!
* * * LOW HITPOINT WARNING * * *
You writhe in agony.
* * * LOW HITPOINT WARNING * * *
You shoot an arrow. The arrow barely misses Grinder.
Grinder hits you.
You die...

#.##### #.#
#...5@# #.#
#####.# #.# #.#
#.# #.# #.# #.#
#.# #.#
##.#############.#
..............##.#
##..#########.##.#


You could see Grinder.

Vanquished Creatures
  2 jellies (Sewer)
  Natasha (thrice) (D:3)
  An iguana (D:3)
  A river rat (D:3)
  2 adders (Sewer)
  A worm (D:3)
  4 ball pythons
  12 endoplasms
  2 giant cockroaches
  2 goblins (D:1)
  3 quokkas
  A bat (D:1)
  2 frilled lizards
  9 rats
45 creatures vanquished.

Notes
Turn   | Place    | Note
-------+----------+-------------------------------------------
     0 | D:1      | Darkkill the Minotaur Hunter began the quest for the Orb.
     0 | D:1      | Reached XP level 1. HP: 18/18 MP: 0/0
   225 | D:1      | Found Isaufiah's General Store.
   231 | D:1      | Reached skill level 1 in Stealth
   569 | D:1      | Reached XP level 2. HP: 25/25 MP: 1/1
   678 | D:2      | You fall into a shaft and drop 1 floor!
   746 | D:3      | Noticed Natasha
   753 | D:3      | HP: 3/25 [Natasha (5)]
   754 | D:3      | Killed Natasha
   755 | D:3      | Reached XP level 3. HP: 5/31 MP: 2/2
   797 | D:3      | Noticed Natasha
   804 | D:3      | Killed Natasha
   861 | D:3      | Noticed Natasha
   870 | D:3      | Killed Natasha
   871 | D:3      | Reached XP level 4. HP: 21/38 MP: 3/3
  1023 | D:3      | Reached skill level 5 in Ranged Weapons
  1031 | D:3      | Found a glowing drain.
  1036 | Sewer    | Entered a sewer
  1277 | Sewer    | Reached XP level 5. HP: 46/46 MP: 4/4
  1281 | Sewer    | Found a viscous altar of Jiyva.
  1575 | D:3      | Noticed Grinder
  1580 | D:3      | Paralysed by Grinder for 3 turns
  1584 | D:3      | HP: 7/46 [Grinder (7)]
  1584 | D:3      | HP: 1/46 [Grinder (6)]
  1585 | D:3      | Slain by Grinder

Illustrated notes

Levels and vault maps discovered:
D:1:      saegor_arrival_miasma, layout_basic, serial_shops, shop_fountains
D:2:      layout_basic, shapermc_ecumenical_altar_totnotflames,
          chequers_serial_rivers_room_a, nicolae_elevator_lobby_plus
D:3:      layout_loops_ring, mainiacjoe_overflow_catwalk, gup_sewer_entry_bowl,
          serial_park_tiny_pond, uniq_grinder, uniq_natasha, uniq_ijyb

Skill      XL: |  1  2  3  4  5 |
---------------+----------------+-----
Stealth        | 1 2 |  2.6
Fighting       | 3 4 |  4.1
Dodging        | 3 |  3.7
Ranged Weapons | 5 |  5.4

Action                   |  1- 3 |  4- 6 || total
-------------------------+-------+-------++-------
 Fire: Shortbow          |    38 |   102 ||   140
  Use: Scroll            |     4 |     3 ||     7
Armor: Leather armour    |     2 |     4 ||     6
Dodge: Dodged            |    15 |    12 ||    27

Table legend: (Time is in decaauts)
 A = Elapsed time spent in this place.
 B = Non-inter-level travel time spent in this place.
 C = Inter-level travel time spent in this place.
 D = Time resting spent in this place.
 E = Time spent auto-exploring this place.
 F = Levels seen in this place.
 G = Mean time per level.
                   A        B        C        D        E       F      G
               +--------+--------+--------+--------+--------+-----+--------+
         Total |   1654 |   1652 |      2 |     25 |   1279 |   4 |  413.5 |
       Dungeon |   1233 |   1231 |      2 |      0 |   1026 |   3 |  411.0 |
         Sewer |    420 |    420 |      0 |     25 |    253 |   1 |  420.0 |
               +--------+--------+--------+--------+--------+-----+--------+

Top non-repeatable levels by time:
     D:1: 657 daAuts
     D:3: 552 daAuts
   Sewer: 420 daAuts
     D:2: 24 daAuts

Table legend:
 A = Kills in this place as a percentage of kills in entire the game.
 B = Kills by you in this place as a percentage of kills by you in the entire game.
 C = Kills by friends in this place as a percentage of kills by friends in the entire game.
 D = Other kills in this place as a percentage of other kills in the entire game.
 E = Experience gained in this place as a percentage of experience gained in the entire game.
 F = Experience gained in this place divided by the number of levels of this place that you have seen.
                   A       B       C       D       E      F
               +-------+-------+-------+-------+-------+----------------------
         Total | 100.0 | 100.0 |   N/A |   N/A | 100.0 |  80.0
       Dungeon |  46.7 |  46.7 |   N/A |   N/A |  57.2 |  61.0
         Sewer |  53.3 |  53.3 |   N/A |   N/A |  42.8 | 137.0
               +-------+-------+-------+-------+-------+----------------------
